 Dungeon Sprint DCSS version 0.21.1-1-g345015f (webtiles) character file.

5485 Fang the Severer (level 10, -14/110 HPs)
             Began as a Minotaur Berserker on June 6, 2018.
             Was the Champion of Trog.
             Demolished by a lindwurm (17 damage)
             ... in the Dungeon (Sprint IX: "|||||||||||||||||||||||||||||").
             The game lasted 00:02:23 (1410 turns).

Fang the Severer (Minotaur Berserker)               Turns: 1410, Time: 00:02:23

Health: -14/110    AC:  6    Str: 34    XL:     10   Next: 42%
Magic:  0/0        EV: 16    Int: 12    God:    Trog [******]
Gold:   16         SH:  0    Dex: 10    Spells: 9/9 levels left

rFire    . . .     SeeInvis .   q - +2 battleaxe (antimagic)
rCold    . . .     Gourm    .   (shield currently unavailable)
rNeg     . . .     Faith    .   j - +2 robe of the Guilds {*Contam MP-9 Str+6 Int+8}
rPois    .         Spirit   .   (helmet restricted)
rElec    .         Reflect  .   (no cloak)
rCorr    .         Harm     .   (no gloves)
MR       .....     NoTele   +   (no boots)
Stlth    ++........             (no amulet)
HPRegen  0.28/turn              p - +2 ring of protection
MPRegen  0.07/turn              o - +3 ring of strength

@: berserk cooldown, slowed, very slow
A: retaliatory headbutt, horns 2
a: Berserk, Trog's Hand, Brothers in Arms, Burn Spellbooks, Renounce Religion


You were in the Dungeon.
You worshipped Trog.
Trog was exalted by your worship.
You were very hungry.

You visited 1 branch You collected 16 gold pieces.

Inventory:

Hand Weapons
 n - a +3 war axe of freezing
 q - a +2 antimagic battleaxe (weapon)
Armour
 b - a +0 animal skin
 j - the +2 robe of the Guilds (worn) {*Contam MP-9 Str+6 Int+8}
   (You found it in the Dungeon)

   It affects your strength (+6).
   It affects your intelligence (+8).
   It affects your magic capacity (-9).
   It causes magical contamination when unequipped.
Jewellery
 o - a +3 ring of strength (right hand)
 p - a +2 ring of protection (left hand)
Wands
 m - a wand of acid (10)
Scrolls
 i - 4 scrolls of blinking
 l - 4 scrolls of remove curse
 r - 2 scrolls of enchant armour
 s - a scroll of fog
Potions
 a - a potion of brilliance
 d - 6 potions of curing
 e - 7 potions of heal wounds
 f - a potion of haste
 g - 4 potions of magic
 h - 2 potions of berserk rage
 k - a potion of invisibility
Comestibles
 c - 2 rations


   Skills:
 + Level 16.9 Fighting
 + Level 18.9 Axes
 + Level 8.3 Armour
 + Level 9.4 Dodging
 + Level 2.2 Stealth


You had 9 spell levels left.
You didn't know any spells.

Dungeon Overview and Level Annotations

Branches:
Dungeon (1/1)

Altars:
Cheibriados
Dithmenos
Elyvilon
Fedhas
Gozag
Hepliaklqana
Kikubaaqudgha
Makhleb
Nemelex Xobeh
Okawaru
Qazlal
Ru
Sif Muna
Trog
Uskayaw
Vehumet
Wu Jian
Xom
Yredelemnul
Zin
The Shining One
Beogh
Jiyva
Lugonu


Innate Abilities, Weirdness & Mutations

You reflexively headbutt those who attack you in melee.
You have a pair of horns on your head.


Message History

The tyrant leech is heavily wounded.
Unknown command.
You closely miss the tyrant leech.
The tyrant leech is heavily wounded.
The tyrant leech closely misses you. You furiously retaliate!
You headbutt the tyrant leech!
Unknown command.
You chop the tyrant leech into pieces!!!
You kill the tyrant leech!
Trog accepts your kill.
Unknown command.
You barely miss the lindwurm. Your headbutt misses the lindwurm.
The lindwurm misses you. The lindwurm claws you.
* * * LOW HITPOINT WARNING * * *
The lindwurm misses you.
Unknown command.
You hit the lindwurm but do no damage. You headbutt the lindwurm!
The lindwurm is lightly wounded.
The lindwurm bites you!
You die...

▓▓▓▓▓▓▓▓▓▓▓▓▓▓▓▓▓▓▓▓▓▓▓▓
(..wwkk@.'.....)...÷)...
▓▓▓▓▓▓▓▓▓▓▓▓▓▓▓▓▓▓▓▓▓▓▓▓▓▓▓▓▓▓▓▓▓
.................................
▓▓▓▓▓▓▓▓▓▓▓▓▓▓▓▓▓▓▓▓▓▓▓▓▓▓▓▓▓▓▓▓▓
.'.....)'(.[[[)|?.'______________
▓▓▓▓▓▓▓▓▓▓▓▓▓▓▓▓▓▓▓▓▓▓▓▓▓▓▓▓▓▓▓▓▓


You could see 2 tyrant leeches and 2 lindwurms.

Vanquished Creatures
  2 unseen horrors (D)
  A lindwurm (D)
  4 spiny frogs (D)
  A rime drake (D)
  A meliai (D)
  2 tyrant leeches (D)
  3 yaks (D)
  A basilisk (D)
  5 water moccasins (D)
  2 porcupines (D)
  A sky beast (D)
  A black bear (D)
  A centaur (D)
  4 bullfrogs (D)
  A crimson imp (D)
  2 hounds (D)
  2 jellies (D)
  An iguana (D)
  An adder (D)
  An adder zombie (D)
  A worm (D)
  A leopard gecko (D)
  A giant cockroach (D)
  A goblin (D)
  A frilled lizard (D)
  A kobold (D)
  A rat (D)
44 creatures vanquished.

Notes
Turn   | Place    | Note
-------+----------+-------------------------------------------
     0 | D        | Fang the Minotaur Berserker began the quest for the Orb.
     0 | D        | Reached XP level 1. HP: 19/19 MP: 0/0
     4 | D        | Reached skill level 4 in Axes
     8 | D        | Reached ** piety under Trog
    62 | D        | Noticed a jelly
    62 | D        | Noticed a crimson imp
    68 | D        | Reached skill level 5 in Fighting
    68 | D        | Reached skill level 5 in Axes
    68 | D        | Reached XP level 2. HP: 29/29 MP: 1/1
    71 | D        | Killed a crimson imp
    71 | D        | Reached *** piety under Trog
    71 | D        | Reached skill level 6 in Axes
    71 | D        | Reached XP level 3. HP: 38/38 MP: 2/2
    74 | D        | Reached skill level 7 in Axes
    74 | D        | Reached XP level 4. HP: 47/47 MP: 3/3
   115 | D        | Found a roughly hewn altar of Beogh.
   115 | D        | Found a snail-covered altar of Cheibriados.
   115 | D        | Found a shadowy altar of Dithmenos.
   115 | D        | Found a white marble altar of Elyvilon.
   115 | D        | Found a blossoming altar of Fedhas.
   115 | D        | Found an opulent altar of Gozag.
   116 | D        | Found a hazy altar of Hepliaklqana.
   117 | D        | Found a viscous altar of Jiyva.
   118 | D        | Found an ancient bone altar of Kikubaaqudgha.
   119 | D        | Found a corrupted altar of Lugonu.
   120 | D        | Found a burning altar of Makhleb.
   121 | D        | Found a sparkling altar of Nemelex Xobeh.
   122 | D        | Found an iron altar of Okawaru.
   123 | D        | Found a stormy altar of Qazlal.
   124 | D        | Found a sacrificial altar of Ru.
   125 | D        | Found a deep blue altar of Sif Muna.
   126 | D        | Found a bloodstained altar of Trog.
   127 | D        | Found a hide-covered altar of Uskayaw.
   128 | D        | Found a radiant altar of Vehumet.
   129 | D        | Found an ornate altar of the Wu Jian Council.
   130 | D        | Found a shimmering altar of Xom.
   131 | D        | Found a basalt altar of Yredelemnul.
   132 | D        | Found a glowing silver altar of Zin.
   133 | D        | Found a glowing golden altar of the Shining One.
   176 | D        | Noticed a bullfrog
   176 | D        | Noticed a bullfrog
   176 | D        | Noticed a centaur
   179 | D        | Reached **** piety under Trog
   179 | D        | Reached skill level 8 in Axes
   180 | D        | Received a gift from Trog
   180 | D        | Reached XP level 5. HP: 53/53 MP: 4/4
   182 | D        | Killed a centaur
   182 | D        | Reached skill level 9 in Axes
   183 | D        | Reached skill level 10 in Axes
   183 | D        | Reached skill level 5 in Armour
   183 | D        | Reached XP level 6. HP: 66/66 MP: 5/5
   184 | D        | Reached skill level 10 in Fighting
   184 | D        | Reached skill level 11 in Axes
   184 | D        | Reached skill level 5 in Dodging
   186 | D        | Reached ***** piety under Trog
   336 | D        | Noticed a meliai
   336 | D        | Noticed a sky beast
   339 | D        | Killed an unseen horror
   339 | D        | Reached skill level 13 in Axes
   339 | D        | Reached XP level 7. HP: 78/78 MP: 6/6
   342 | D        | Received a gift from Trog
   345 | D        | Reached skill level 14 in Axes
   345 | D        | Reached XP level 8. HP: 85/85 MP: 7/7
   348 | D        | Killed a meliai
   357 | D        | Killed an unseen horror
   357 | D        | Reached skill level 15 in Axes
   749 | D        | Got the +2 robe of the Guilds {*Contam MP-9 Str+6 Int+8}
   780 | D        | Noticed a spiny frog
   783 | D        | Noticed a spiny frog
   783 | D        | Reached XP level 9. HP: 96/96 MP: 0/8
   791 | D        | Reached skill level 16 in Axes
   794 | D        | Killed a spiny frog
   797 | D        | Reached skill level 15 in Fighting
   798 | D        | Reached skill level 1 in Stealth
   800 | D        | Killed a spiny frog
   801 | D        | Reached skill level 17 in Axes
  1037 | D        | Noticed a spiny frog
  1037 | D        | Noticed a spiny frog
  1040 | D        | Killed a spiny frog
  1043 | D        | Killed a spiny frog
  1043 | D        | Received a gift from Trog
  1046 | D        | Noticed a rime drake
  1048 | D        | Reached XP level 10. HP: 107/107 MP: 0/9
  1052 | D        | Reached skill level 18 in Axes
  1062 | D        | Received a gift from Trog
  1387 | D        | Noticed a lindwurm
  1387 | D        | Noticed a lindwurm
  1387 | D        | Noticed a lindwurm
  1393 | D        | Killed a lindwurm
  1405 | D        | HP: 2/110 [tyrant leech (22)]
  1408 | D        | Reached ****** piety under Trog
  1410 | D        | Demolished by a lindwurm

Skill      XL: |  1  2  3  4  5  6  7  8  9 10 |
---------------+-------------------------------+-----
Fighting       | 5 6 7 8 9 12 14 16 | 16.9
Axes           | 5 6 7 8 10 13 14 15 17 18 | 18.9
Armour         | 3 4 5 6 7 8 |  8.3
Dodging        | 3 4 6 7 8 9 |  9.4
Stealth        | 1 2 |  2.2

Action                   |  1- 3 |  4- 6 |  7- 9 | 10-12 || total
-------------------------+-------+-------+-------+-------++-------
Melee: Hand axe          |    17 |     2 |       |       ||    19
       Headbutt          |     1 |     2 |    10 |     5 ||    18
       War axe           |       |     7 |    14 |       ||    21
       Battleaxe         |       |       |    29 |    28 ||    57
Invok: Berserk           |     1 |     2 |     2 |     1 ||     6
  Eat: Chunk             |       |       |     4 |     2 ||     6
Armor: Animal skin       |       |       |     5 |       ||     5
       Robe              |       |       |     2 |       ||     2
Dodge: Dodged            |     4 |     5 |    12 |    12 ||    33
